 Dungeon Crawl Stone Soup version 0.29.1 (webtiles) character file.

Game seed: 16371640551834991336

1295 xian the Basher (level 8, -1/70 HPs)
             Began as a Minotaur Fighter on Sept 12, 2022.
             Slain by an unseen horror (5 damage)
             ... on level 5 of the Dungeon.
             The game lasted 00:11:14 (4546 turns).

xian the Basher (Minotaur Fighter)                  Turns: 4546, Time: 00:11:14

Health: -1/70      AC: 16    Str: 22    XL:     8   Next: 30%
Magic:  7/7        EV:  8    Int:  5    God:
Gold:   116        SH:  5    Dex: 11    Spells: 7/7 levels left

rFire   + . .      SeeInvis .   a - +0 flail
rCold   + . .      Faith    .   c - +0 buckler
rNeg    . . .      Spirit   .   l - +0 chain mail
rPois   +          Reflect  .   (helmet restricted)
rElec   .          Harm     .   x - scarf {rC+ rF+}
rCorr   .          Rampage  .   w - +0 pair of gloves
Will    .....                   b - +0 pair of boots
Stlth   ..........              (no amulet)
HPRegen 0.21/turn               v - ring of poison resistance
MPRegen 0.10/turn               t - +4 ring of protection

@: mighty
A: horns 2, retaliatory headbutt
a: no special abilities


You were on level 5 of the Dungeon.
You visited 1 branch of the dungeon, and saw 5 of its levels.
You also visited: Ossuary.

You collected 171 gold pieces.
You spent 55 gold pieces at shops.

Inventory:

Hand Weapons
 a - a +0 flail (weapon)
Missiles
 g - 7 poisoned darts (quivered)
Armour
 b - a +0 pair of boots (worn)
 c - a +0 buckler (worn)
 l - a +0 chain mail (worn)
 w - a +0 pair of gloves (worn)
 x - a scarf of resistance (worn)
Magical Staves
 j - a staff of air
Jewellery
 t - a +4 ring of protection (right hand)
 v - a ring of poison resistance (left hand)
Wands
 D - a wand of polymorph (3)
Scrolls
 e - a scroll of immolation
 i - a scroll of summoning
 p - a scroll of magic mapping
 q - 4 scrolls of poison
 r - a scroll of amnesia {unknown}
 s - 3 scrolls of teleportation
 u - a scroll of brand weapon
 y - a scroll of torment
 z - 2 scrolls of blinking {unknown}
Potions
 d - 4 potions of might
 f - a potion of mutation {unknown}
 h - a potion of magic {unknown}
 k - 9 potions of curing {unknown}
 m - 2 potions of invisibility {unknown}
 n - 2 potions of resistance {unknown}
 o - 4 potions of heal wounds {unknown}
 A - 3 potions of berserk rage {unknown}
 B - a potion of lignification {unknown}
 C - a potion of brilliance {unknown}


   Skills:
 + Level 5.9 Fighting
 + Level 8.4 Maces & Flails
 + Level 2.2 Throwing
 + Level 6.5 Armour
 + Level 2.0 Dodging
 + Level 0.1 Stealth
 + Level 5.1 Shields


You had 7 spell levels left.
You didn't know any spells.
Your spell library contained the following spells:

 Spells                   Type           Power      Damage    Failure   Level
 Beastly Appendage        Tmut           0%         N/A       99%         1
 Wereblood                Tmut           0%         N/A       100%        2
 Spider Form              Tmut/Pois      0%         N/A       100%        3
 Freezing Cloud           Conj/Ice/Air   0%         6-21      100%        5
 Simulacrum               Ice/Necr       0%         N/A       100%        6
 Polar Vortex             Ice            0%         N/A       100%        9


Dungeon Overview and Level Annotations

Branches:
Dungeon (5/15)            Ossuary (visited)
 Temple: D:4-7

Altars:
Dithmenos
Fedhas
The Shining One

Shops:
D:4 *


Innate Abilities, Weirdness & Mutations

You have a pair of horns on your head.
You reflexively headbutt those who attack you in melee.


Message History

Something hits you but does no damage.
You see here 16 gold pieces.
You closely miss something. Your headbutt misses something.
Something hits you but does no damage.
You closely miss something. Something hits you but does no damage.
Aiming: Polymorph
Press: ? - help, Shift-Dir - straight line Nothing appears to happen.
Something hits you but does no damage.
Okay, then.
Throw: 8 darts (poison)
Press: ? - help, Q - select action, (/) - cycle Shift-Dir - straight line You throw a poisoned dart.
Something hits you.
* * * LOW HITPOINT WARNING * * *
Unknown command.
Okay, then.
You feel very mighty all of a sudden. Something hits you but does no damage.
Unknown command.
Something hits you but does no damage.
There is an open door, spattered with blood here.
Something hits you but does no damage.
Something hits you but does no damage. x2
Something hits you.
* * * LOW HITPOINT WARNING * * *
Something hits you but does no damage.
There is an open door, spattered with blood here.
Something hits you but does no damage.
You see here 16 gold pieces.
Something hits you but does no damage. Something hits you.
* * * LOW HITPOINT WARNING * * *
You see here 3 scrolls of poison.
Something hits you but does no damage. Something hits you but does no damage.
You see here 16 gold pieces.
Something hits you.
* * * LOW HITPOINT WARNING * * *
Something hits you.
You die...

########.#. #......#.#.
#.####>#.#. #.#..#.#.#.
################## #).....#.#.
.#.....#.....#!(?# .#.####..#..#.
.#.....#.....#.[.# ............'.
.#..#..#))#..#=($# .#.####.##..#.
.#..#..#..#..###@# #..........#.
....#.....#......#########.#...#.
....#.....#......#.....###.#...#.
##################.###.#...#...#.
.......................###.#..[##
...................#.#####.#...#
##################......##.#...#
....#.....# ###.##.##.#...#
....#.....# #.#.....#...#


There were no monsters in sight!

Vanquished Creatures
  Sigmund (D:3)
  A steam dragon (D:4)
  A yak (D:5)
  An ogre (D:5)
  A phantom (D:5)
  2 scorpions (D:5)
  A necrophage (D:5)
  2 water moccasin zombies (Ossuary)
  A howler monkey (D:4)
  A hound (D:4)
  An orc priest (D:5)
  2 iguanas (D:5)
  An orc wizard (D:3)
  2 mummies (Ossuary)
  Robin (D:2)
  8 adders
  A shadow imp (D:5)
  2 adder zombies (Ossuary)
  A worm (D:4)
  A dart slug (D:4)
  9 orcs
  3 ball pythons (D:2)
  3 bats
  7 endoplasms
  6 giant cockroaches
  6 gnoll zombies (Ossuary)
  14 goblins
  8 hobgoblins
  5 jackals
  A quokka (D:2)
  7 frilled lizards
  5 hobgoblin zombies (Ossuary)
  4 kobolds
  7 kobold zombies (Ossuary)
  4 orc zombies (Ossuary)
  3 rats
124 creatures vanquished.

Vanquished Creatures (others)
  3 plants (D:2)
3 creatures vanquished.

Grand Total: 127 creatures vanquished

Notes
Turn   | Place    | Note
-------+----------+-------------------------------------------
     0 | D:1      | xian the Minotaur Fighter began the quest for the Orb.
     0 | D:1      | Reached XP level 1. HP: 19/19 MP: 0/0
   339 | D:1      | Reached XP level 2. HP: 27/27 MP: 1/1
  1076 | D:2      | Found a shadowy altar of Dithmenos.
  1127 | D:2      | Reached XP level 3. HP: 31/33 MP: 2/2
  1160 | D:2      | Reached skill level 3 in Maces & Flails
  1263 | D:2      | Noticed Robin
  1281 | D:2      | Killed Robin
  1467 | D:2      | Reached XP level 4. HP: 41/41 MP: 3/3
  2024 | D:3      | Noticed Sigmund
  2052 | D:3      | Killed Sigmund
  2053 | D:3      | Reached skill level 5 in Maces & Flails
  2053 | D:3      | Reached skill level 1 in Dodging
  2053 | D:3      | Reached XP level 5. HP: 35/47 MP: 4/4
  2077 | D:3      | Reached skill level 1 in Throwing
  2077 | D:3      | Reached XP level 6. HP: 45/55 MP: 5/5
  2840 | D:4      | Noticed a steam dragon
  2851 | D:4      | Killed a steam dragon
  2852 | D:4      | Reached skill level 5 in Fighting
  2852 | D:4      | Reached skill level 5 in Armour
  2930 | D:4      | Found a sand-covered staircase.
  2987 | Ossuary  | Entered an ossuary
  3042 | Ossuary  | Reached skill level 6 in Maces & Flails
  3052 | Ossuary  | Reached XP level 7. HP: 61/61 MP: 6/6
  3407 | D:4      | Found Pydoal's General Store.
  3445 | D:4      | Bought a scroll of teleportation for 33 gold pieces
  3445 | D:4      | Bought a scroll of identify for 22 gold pieces
  3705 | D:5      | Entered Level 5 of the Dungeon
  3813 | D:5      | Reached skill level 7 in Maces & Flails
  3828 | D:5      | Found a glowing golden altar of the Shining One.
  3891 | D:5      | Found a blossoming altar of Fedhas.
  4360 | D:5      | Reached XP level 8. HP: 70/70 MP: 7/7
  4383 | D:5      | Reached skill level 5 in Shields
  4388 | D:5      | Reached skill level 8 in Maces & Flails
  4546 | D:5      | Slain by an unseen horror

Illustrated notes

Levels and vault maps discovered:
D:1:      dpeg_arrival_refuge, layout_basic
D:2:      layout_basic, basic_altar, minmay_misc_feat_ornament,
          minmay_lizard_king, uniq_robin
D:3:      layout_basic, uniq_sigmund
D:4:      layout_cave_pools, nicolae_ossuary_entry_monument, serial_shops,
          nicolae_square_shop, kennysheep_generic_room_4
D:5:      kennysheep_windowed_halls, layout_basic, kennysheep_little_box,
          mainiacjoe_overflow_six_doors_small

Skill      XL: |  1  2  3  4  5  6  7  8 |
---------------+-------------------------+-----
Fighting       | 4 5 |  5.9
Armour         | 4 5 6 |  6.5
Shields        | 4 5 |  5.1
Maces & Flails | 3 5 6 7 8 |  8.4
Dodging        | 1 2 |  2.0
Throwing       | 1 2 |  2.2
Stealth        | |  0.1

Action                   |  1- 3 |  4- 6 |  7- 9 || total
-------------------------+-------+-------+-------++-------
Melee: Flail             |    77 |   100 |   163 ||   340
       Headbutt          |    10 |    12 |    37 ||    59
Throw: Dart              |     7 |     9 |     1 ||    17
Evoke: Wand              |       |       |     1 ||     1
  Use: Scroll            |       |     4 |     3 ||     7
       Potion            |       |       |     1 ||     1
Armor: Scale mail        |     1 |       |       ||     1
       Chain mail        |    42 |    67 |    95 ||   204
Dodge: Dodged            |    32 |    41 |    41 ||   114
Block: Buckler           |    14 |    21 |    34 ||    69
